 Dungeon Crawl Stone Soup version 0.18-a0-1773-gec4f98e (webtiles) character file.

8 M4edhros the Grave Robber (level 2, -6/17 HPs)
             Began as an Octopode Necromancer on Apr 14, 2016.
             Mangled by a goblin
             ... wielding a +0 club
              (7 damage)
             ... on level 2 of the Dungeon.
             The game lasted 00:01:44 (264 turns).

M4edhros the Grave Robber (Octopode Necromancer)     Turns: 264, Time: 00:01:45

Health: -6/17      AC:  1    Str:  7    XL:     2   Next: 8%
Magic:  3/5        EV: 12    Int: 17    God:
Gold:   18         SH:  0    Dex: 12    Spells: 1 memorised, 4 levels left

rFire  . . .     SeeInvis .       - Unarmed
rCold  . . .     Gourm    .     (no shield)
rNeg   . . .     Faith    .     (helmet restricted)
rPois  .         Spirit   .     (no amulet)
rElec  .         Dismiss  .     (no ring)
rCorr  .         Reflect  .     (no ring)
SustAt .         Harm     .     (no ring)
MR     .....                    (no ring)
Stlth  +++.......               (no ring)
                                (no ring)
                                (no ring)
                                (no ring)

@: not resistant to hostile enchantments, fairly stealthy
A: almost no armour, amphibious, 8 rings, constrict 8, camouflage 1, gelatinous
body 1
a: no special abilities


You were on level 2 of the Dungeon.
You were not hungry.

You visited 1 branch of the dungeon, and saw 3 of its levels.

You collected 18 gold pieces.

Inventory:

Missiles
 c - 13 sling bullets
 g - a stone (quivered)
Scrolls
 d - a scroll of random uselessness {unknown}
 f - 2 scrolls of teleportation {unknown}
Potions
 e - a potion of brilliance {unknown}
Books
 a - a book of Necromancy

   Spells                             Type                      Level
   a - Pain                           Necromancy                   1
   b - Animate Skeleton               Necromancy                   1
   c - Vampiric Draining              Necromancy                   3
   d - Regeneration                   Charms/Necromancy            3
   e - Animate Dead                   Necromancy                   4
   f - Control Undead                 Necromancy                   4
Comestibles
 b - 2 bread rations


   Skills:
 - Level 2.0 Dodging
 - Level 2.6 Stealth
 + Level 1.6 Unarmed Combat
 - Level 2.0 Spellcasting
 - Level 4.0 Necromancy


You had 4 spell levels left.
You knew the following spells:

 Your Spells              Type           Power        Failure   Level  Hunger
a - Pain                  Necr           ###.         3%          1    #......


Dungeon Overview and Level Annotations

Branches:
Dungeon (3/15)

Altars:

Annotations:
D:2 exclusion: adder


Innate Abilities, Weirdness & Mutations

You cannot wear most types of armour.
You are amphibious.
You can wear up to eight rings at the same time.
You can use your tentacles to constrict eight enemies at once.
Your skin changes colour to match your surroundings (Stealth).
Your rubbery body absorbs attacks (AC +1).


Message History

Found 12 gold pieces.
Found a sedimented pink potion.
Casting: Pain
Confirm with . or Enter, or press ? or * to list all spells.
Aiming: Pain
Press: ? - help, Shift-Dir - straight line, f - goblin
Aim: a goblin, wielding a club (hasn't noticed you, chance to defeat MR: 92%)
The goblin shouts!
The goblin convulses in agony!
Casting: Pain
Confirm with . or Enter, or press ? or * to list all spells.
Aiming: Pain
Press: ? - help, Shift-Dir - straight line, f/p - goblin
Aim: a goblin, wielding a club (moderately wounded, chance to defeat MR: 92%)
The goblin convulses in agony!
You tentacle-slap the goblin but do no damage.
Your grab misses the goblin.
The goblin is heavily wounded.
The goblin hits you with a club!
You die...

#.................
#.............#.#
#...............#
#...............#
########†##.####...#
#...........# ..#
#..[........# .#
#...........# ..
#.....@.....# .
#......g....#
#..........##
#..........#
#............
#......$......
#!............
######......≈≈


You could see a goblin.

Vanquished Creatures
  A giant cockroach (D:1)
  A hobgoblin (D:1)
  4 kobolds (D:2)
  A ball python (D:2)
  A bat (D:3)
  A goblin (D:3)
9 creatures vanquished.

Notes
Turn   | Place    | Note
--------------------------------------------------------------
     0 | D:1      | M4edhros the Octopode Necromancer began the quest for the Orb.
     0 | D:1      | Reached XP level 1. HP: 11/11 MP: 3/3
   113 | D:2      | Reached skill level 1 in Unarmed Combat
   202 | D:3      | Reached XP level 2. HP: 5/17 MP: 3/5
   264 | D:2      | Mangled by a goblin

Vault maps used:
D:1:      tarquinn_simple_flora_water_d
D:2:      nicolae_qazlal_general_emergency, first_bread, grunt_decor_fettered
D:3:      kennysheep_six_static_rooms, uniq_sigmund

Skill      XL: |  1 |
---------------+----+-----
Unarmed Combat | 1 |  1.6
Dodging        | |  2.0
Stealth        | |  2.6
Spellcasting   | |  2.0
Necromancy     | |  4.0

Action                   || total
-------------------------++-------
Melee: Unarmed           ||     7
       Constrict         ||     3
       Tentacles         ||     1
 Cast: Pain              ||    14
 Stab: Distracted        ||     1
Dodge: Dodged            ||     5
